 Dungeon Crawl Stone Soup version 0.31.0-7-gf635a9b802 (webtiles) character file.

Game seed: 3203368127758965990

1213 shadowrider38 the Cutter (level 8, -3/72 HPs)
             Began as a Naga Shapeshifter on Jan 23, 2024.
             Was an Initiate of Nemelex Xobeh.
             Killed from afar by an orc wizard (7 damage)
             ... with a puff of flame
             ... on level 6 of the Dungeon.
             The game lasted 00:17:06 (6125 turns).

shadowrider38 the Cutter (Naga Shapeshifter)        Turns: 6125, Time: 00:17:07

Health: -3/72      AC: 10    Str: 18    XL:     8   Next: 46%
Magic:  8/8        EV: 10    Int: 12    God:    Nemelex Xobeh [......]
Gold:   50         SH:  0    Dex: 10    Spells: 7/7 levels left

rFire   . . .        a - +2 rapier (protect)
rCold   . . .        (no shield)
rNeg    + . .        r - +0 robe
rPois   +            (helmet currently unavailable)
rElec   .            (cloak currently unavailable)
rCorr   .            (gloves currently unavailable)
SInv    +            (no barding)
Will    +....        i - amulet of the acrobat
Stlth   +++          n - ring of positive energy
HPRegen 0.32/turn    (no ring)
MPRegen 0.11/turn

%: acrobat
@: beast-form, under a protective aura, attractive, very slow
A: beast (slay +2), AC +2, large, see invisible, deformed body, poison
resistance, slowness 2, spit poison 1, naga tail 1
a: Spit Poison, Begin Untransformation, Renounce Religion, Draw Escape, Draw
Destruction, Draw Summoning


You were on level 6 of the Dungeon.
You worshipped Nemelex Xobeh.
Nemelex Xobeh was noncommittal.
You were a hulking beast.
You visited 2 branches of the dungeon, and saw 7 of its levels.

You collected 194 gold pieces.
You spent 144 gold pieces at shops.

Inventory:

Hand Weapons
 a - a +2 rapier of protection (weapon)
Armour
 m - a +0 leather armour
 p - a +0 scale mail of fire resistance
 r - a +0 robe (worn)
Jewellery
 h - a ring of fire
 i - an amulet of the acrobat (around neck)
 n - a ring of positive energy (left hand)
Talismans
 c - a beast talisman
 d - a flux talisman
Scrolls
 g - a scroll of noise
 o - a scroll of amnesia {unknown}
 q - 2 scrolls of revelation
 t - a scroll of fear {unknown}
 x - a scroll of fog {unknown}
 y - a scroll of enchant armour {unknown}
 z - a scroll of identify {unknown}
Potions
 e - a potion of brilliance {unknown}
 f - a potion of degeneration {unknown}
 s - a potion of magic {unknown}
 u - a potion of attraction
 v - 2 potions of resistance {unknown}
 w - 2 potions of haste {unknown}
 B - 2 potions of ambrosia {unknown}


   Skills:
 + Level 4.1 Fighting
 + Level 6.6 Short Blades
 + Level 2.8 Dodging
 - Level 5.0 Stealth
 - Level 3.9 Unarmed Combat
 + Level 3.9 Shapeshifting


You had 7 spell levels left.
You didn't know any spells.
Your spell library contained the following spells:

 Spells                   Type           Power      Damage    Failure   Level
 Searing Ray              Conj           0%         2d4       45%         2
 Ozocubu's Armour         Ice            0%         N/A       69%         3
 Vampiric Draining        Necr           0%         2d6       69%         3
 Brom's Barrelling Bould  Conj/Erth      0%         2d3       97%         4
 Fulminant Prism          Conj/Alch      0%         3d5       97%         4
 Fireball                 Conj/Fire      0%         3d3       100%        5
 Iskenderun's Battlesphe  Conj           0%         2d6       100%        5
 Metabolic Englaciation   Hex/Ice        0%         N/A       100%        5
 Conjure Ball Lightning   Conj/Air       0%         3x3d6     100%        6
 Sculpt Simulacrum        Ice/Alch       0%         N/A       100%        6
 Orb of Destruction       Conj           0%         9d5       100%        7


Dungeon Overview and Level Annotations

Branches:
Dungeon (6/15) Zot: 26391  Temple (1/1) D:5 Zot: 5969

Altars:
Cheibriados
Dithmenos
Elyvilon
Fedhas
Gozag
Hepliaklqana
Makhleb
Nemelex Xobeh
Okawaru
Qazlal
Ru
Sif Muna
Trog
Uskayaw
Vehumet
Wu Jian
Xom
Yredelemnul
Zin
The Shining One

Shops:
D:1 *

Annotations:
D:4 exclusion: downstairs


Innate Abilities, Weirdness & Mutations

You are a hulking beast.
Your limbs bulge with bestial killing power. (Slay +2)
Your serpentine skin is tough. (AC +2)
You have supernaturally acute eyesight. (SInv)
Armour fits poorly on your strangely shaped body.
Your system is resistant to poisons. (rPois)
You cover ground very slowly.
You can spit poison.
You have a snake-like lower body.


Message History

You completely miss the orc.
The orc is severely wounded.
The orc hits you but does no damage. The orc closely misses you.
The orc hits you but does no damage.
The orc wizard casts a spell.
The orc wizard flickers and vanishes for a moment.
Unknown command.
You hit the orc.
You kill the orc!
Unknown command.
You hit the orc.
The orc is severely wounded.
Your surroundings suddenly seem different.
Found a stone staircase leading down.
The boulder beetle curls into a ball and begins rolling!
Unknown command.
You have nothing you can fire or use right now.
Unknown command.
Unknown command.
Okay, then.
It was a potion of attraction.
You feel attractive to monsters. The orc wizard is attracted toward you.
The boulder beetle is attracted toward you.
The orc is attracted toward you.
Okay, then.
Unknown command.
Unknown command.
You hit the boulder beetle but do no damage.
The boulder beetle is almost dead.
The boulder beetle hits you!!
* * * LOW HITPOINT WARNING * * *
The boulder beetle stops rolling and uncurls.
The orc hits you but does no damage. The orc is attracted toward you.
You hit the boulder beetle but do no damage.
The boulder beetle is almost dead.
The boulder beetle waves its antennae.
The boulder beetle bites you!
* * * LOW HITPOINT WARNING * * *
The orc wizard closely misses you. The orc hits you with a +0 trident.
* * * LOW HITPOINT WARNING * * *
The orc is attracted toward you.
Okay, then.
The air fills with toxic fumes!
As you read the scroll labelled LUWYAN JEURE, it crumbles to dust.
It was a scroll of poison.
The boulder beetle leaps!
The orc wizard points at you and mumbles some strange words.
The puff of flame hits you!
You die...
Your body disappears without a glow.

#.....# #[)§§.# #..§§§#
#oo§§§########
#..§§§§§§§§§§#
#..§§§§§§§§§§#####
#..§§o§§§§§§§§§§§§
#..§§§B§§oo§§§§§§§ ##
#..§§§§§§°h§§§§§§§
..#####..§§§§§§§§§§§§§§§
........#############§§§
........# § ...>....#
##......# .#......###
.#........# .#........#


You could see a boulder beetle, an orc wizard (invisible) and 2 orcs.

Vanquished Creatures
  A troll (D:6)
  An ice beast (D:6)
  A phantom (D:4)
  4 scorpions (D:5)
  3 killer bees (D:6)
  A bombardier beetle (D:5)
  2 hounds (D:4)
  A jelly (D:5)
  2 orc priests (D:4)
  2 iguanas (D:5)
  2 orc wizards (D:5)
  8 adders
  A white imp (D:6)
  2 ufetubi (D:5)
  2 ribbon worms
  A dart slug (D:5)
  12 orcs
  4 bats
  8 endoplasms
  3 giant cockroaches
  7 goblins
  9 hobgoblins
  2 jackals (D:1)
  4 quokkas
  4 ball pythons
  5 frilled lizards
  5 kobolds
  3 rats
100 creatures vanquished.

Notes
Turn   | Place    | Note
-------+----------+-------------------------------------------
     0 | D:1      | shadowrider38 the Naga Shapeshifter began the quest for the
                  | Orb.
     0 | D:1      | Reached XP level 1. HP: 18/18 MP: 1/1
   201 | D:1      | Reached XP level 2. HP: 25/25 MP: 2/2
   482 | D:1      | Found Hamiupn's Assorted Antiques.
  1316 | D:1      | Bought a scroll labelled LUWYAN JEURE for 26 gold pieces
  1543 | D:2      | Reached XP level 3. HP: 29/32 MP: 3/3
  2125 | D:3      | Reached skill level 1 in Short Blades
  2125 | D:3      | Reached XP level 4. HP: 39/39 MP: 4/4
  3135 | D:1      | Bought 2 smoky sapphire potions for 46 gold pieces
  3135 | D:1      | Bought a scroll labelled MEUSUBOT PEMUW for 26 gold pieces
  3199 | D:4      | Reached skill level 2 in Short Blades
  3361 | D:4      | Noticed a phantom
  3370 | D:4      | Found a white marble altar of Elyvilon.
  3374 | D:4      | Found a glowing silver altar of Zin.
  3389 | D:4      | Killed a phantom
  3390 | D:4      | Reached skill level 3 in Short Blades
  3390 | D:4      | Reached XP level 5. HP: 22/45 MP: 5/5
  3508 | D:4      | Found a radiant altar of Vehumet.
  3509 | D:4      | Found a blossoming altar of Fedhas.
  3532 | D:4      | Became a worshipper of Elyvilon the Healer
  3684 | D:4      | Reached skill level 4 in Short Blades
  4048 | D:4      | Reached XP level 6. HP: 26/54 MP: 6/6
  4154 | D:4      | Got the Compilation of Injury and Unhallowed Arts
  4189 | D:4      | Reached skill level 3 in Stealth
  4514 | D:5      | Entered Level 5 of the Dungeon
  4514 | D:5      | Reached * piety under Elyvilon
  4766 | D:5      | Reached skill level 3 in Fighting
  4792 | D:5      | Reached XP level 7. HP: 62/62 MP: 7/7
  4845 | D:5      | Reached skill level 5 in Short Blades
  4990 | D:5      | Found a staircase to the Ecumenical Temple.
  5013 | Temple   | Entered the Ecumenical Temple
  5025 | Temple   | Fell from the grace of Elyvilon
  5025 | Temple   | Became a worshipper of Nemelex Xobeh the Trickster
  5171 | D:5      | Reached skill level 6 in Short Blades
  5656 | D:6      | Reached XP level 8. HP: 69/69 MP: 8/8
  5888 | D:1      | Bought 2 sedimented golden potions for 46 gold pieces
  6072 | D:6      | Noticed a boulder beetle
  6072 | D:6      | Noticed a troll
  6111 | D:6      | Killed a troll
  6125 | D:6      | Killed from afar by an orc wizard

Illustrated notes

Levels and vault maps discovered:
D:1:      kennysheep_arrival_seaside, layout_basic, serial_shops, shop
D:2:      layout_basic, chequers_serial_rivers_micro_e, minmay_quadrilaterals
D:3:      layout_loops_ring
D:4:      layout_basic, mainiacjoe_overflow_alcove_3
D:5:      layout_basic, minmay_temple_entry_glassed_door
D:6:      layout_gridville, kiku_gazebo_garden_becter, kb_rosetta,
          uniq_jeremiah, uniq_grinder, uniq_blork_the_orc
Temple:   nicolae_temple_x_marks_the_god

Skill      XL: |  1  2  3  4  5  6  7  8 |
---------------+-------------------------+-----
Stealth        | 2 4 5 |  5.0
Fighting       | 2 3 4 |  4.1
Short Blades   | 1 3 4 6 |  6.6
Dodging        | 2 |  2.8
Unarmed Combat | |  3.9
Shapeshifting  | |  3.9

Action                     |  1- 3 |  4- 6 |  7- 9 || total
---------------------------+-------+-------+-------++-------
  Melee: Unarmed           |    44 |       |       ||    44
         Punch             |     2 |     4 |     4 ||    10
         Rapier            |    13 |   114 |    86 ||   213
  Throw: Dart              |       |       |     2 ||     2
Ability: Spit Poison       |    29 |    25 |    13 ||    67
  Evoke: Wand              |       |       |    10 ||    10
    Use: Scroll            |     1 |     1 |     3 ||     5
         Potion            |       |     1 |     4 ||     5
   Stab: Sleeping          |     1 |     2 |     3 ||     6
 Armour: Animal skin       |     8 |       |       ||     8
         Leather armour    |    15 |     4 |       ||    19
         Robe              |       |    54 |    45 ||    99
         Skin              |       |     8 |    44 ||    52
  Dodge: Dodged            |    18 |    48 |    39 ||   105
